Map: Flashback EE

Players

soulstealer

  • Race: Terran Terran
  • League: Gold
  • Spawn Location: 7:00

DARCKMASTERS

  • Race: Zerg Zerg
  • Spawn Location: 7:00

DRAGO

  • Race: Protoss Protoss
  • Spawn Location: 7:00

MrFercho

  • Race: Zerg Zerg
  • League: Gold
  • Spawn Location: 11:00

TATORREA

  • Race: Protoss Protoss
  • League: Gold
  • Spawn Location: 11:00

tigro

  • Race: Terran Terran
  • League: Bronze
  • Spawn Location: 9:00

VOD

Have the link to the VOD?

Description

Time

  • Played on: Aug. 9, 2020, 8:20 p.m.
  • Length: 16:57
Show
View Real Time Build Order
Export as new Build Order

soulstealer Terran 

Build Orders: Mech 

Get SALT Encoding   

  12  0:04  SCV  
  13  0:16  SCV  
  14  0:30  Supply Depot  
  14  0:33  SCV  
  15  0:36  Refinery  
  15  0:52  SCV  
  16  0:57  Barracks  
  16  1:04  SCV  
  17  1:16  SCV  
  18  1:28  SCV  
  19  1:40  SCV  
  19  1:52  Barracks Tech Lab, SCV  
  20  1:56  Factory  
  20  2:10  Supply Depot  
  20  2:22  Command Center, Marine  
  21  2:29  SCV  
  22  2:40  Marine  
  23  2:52  Factory Tech Lab  
  23  2:58  Orbital Command  
  23  2:59  Refinery  
  23  3:03  Refinery  
  23  3:06  Marine  
  24  3:17  Siege Tank  
  27  3:24  Marine  
  28  3:30  SCV  
  29  3:34  Orbital Command  
  29  3:41  Marine  
  30  3:59  Marine  
  31  4:05  SCV  
  32  4:15  SCV  
  33  4:17  Marine, SCV  
  35  4:27  Siege Tank, SCV  
  35  4:29  SCV  
  40  4:35  Marine  
  41  4:39  SCV  
  41  4:41  SCV  
  43  4:46  Supply Depot  
  43  4:47  Command Center  
  43  4:50  Supply Depot, Combat Shield  
  43  4:51  SCV  
  44  4:53  Marine, SCV  
  46  5:04  Barracks  
  46  5:07  SCV x2  
  46  5:10  Marine  
  49  5:14  Barracks  
  49  5:24  Factory  
  49  5:27  Factory  
  49  5:28  Marine  
  50  5:46  Marine  
  49  6:00  Refinery  
  49  6:01  Orbital Command  
  49  6:03  Barracks Reactor  
  47  6:04  Barracks Tech Lab  
  47  6:08  Factory Tech Lab  
  47  6:15  Supply Depot, Factory Tech Lab  
  46  6:20  Armory  
  46  6:48  Marine x3  
  46  6:51  Hellion x2  
  53  6:55  Orbital Command  
  53  6:58  Refinery  
  53  7:05  SCV  
  53  7:08  SCV  
  55  7:13  Hellion x2  
  59  7:16  Refinery  
  59  7:17  SCV  
  59  7:20  SCV x2  
  63  7:30  Infernal Pre-Igniter, SCV  
  63  7:32  SCV x2  
  63  7:33  Marine  
  63  7:34  Hellion x2, Marine x3  
  73  7:38  Hellbat  
  73  7:42  SCV  
  77  7:44  SCV  
  77  7:45  SCV  
  78  7:51  Marine, Starport  
  78  7:54  SCV  
  78  7:55  Hellbat x2, Starport  
  78  7:56  SCV  
  85  8:07  Terran Vehicle Weapons Level 1  
  85  8:13  Engineering Bay  
  85  8:19  Supply Depot  
  85  8:22  Supply Depot  
  85  8:41  Hellbat x2, Marine x2, SCV x2  
  93  8:44  Marine, Hellbat  
  96  8:50  Marine  
  96  8:53  SCV x2  
  99  8:58  Marine x2  
  101  9:52  Marine  
  101  9:58  Marine  
  101  10:01  Marine  
  101  10:04  Marine  
  101  10:06  Hellbat  
  101  10:07  Hellbat  
  101  10:09  Siege Tank  
  91  10:27  Starport Reactor x2  
  69  11:20  Hellbat  
  69  12:05  Marine  
  70  13:10  Marine x2, Siege Tank x2  
  70  13:12  Hellbat  
  80  13:16  Marine x2  
  79  13:28  Marine x2  
  81  13:42  Hellbat x2  
  85  13:51  Marine x3  
  85  13:52  Marine  
  89  14:09  Marine x4  
  72  14:27  Marine x4  
  53  14:45  Marine x3  
  46  14:50  Marine  
  42  15:02  Marine x2  
  42  15:06  Marine  
  44  15:08  Marine  
  45  15:20  Marine x2, SCV  
  46  15:24  Marine  
  46  15:25  Marine, SCV  
  48  15:33  SCV  
  48  15:37  SCV  
  48  15:38  Marine  
  47  15:45  SCV  
  47  15:49  SCV  
  48  15:57  SCV  
  48  16:01  SCV  
  48  16:04  Marine x4  
  53  16:13  SCV  
  50  16:22  Marine x4  
Show
View Real Time Build Order
Export as new Build Order

DARCKMASTERS Zerg 

Build Orders: Pool First, Roach Hydra 

Get SALT Encoding   

  12  0:01  Drone  
  13  0:16  Drone  
  13  0:18  Overlord  
  14  0:26  Extractor  
  14  0:27  Drone  
  14  0:44  Spawning Pool  
  13  0:52  Drone x2  
  15  1:00  Drone  
  16  1:08  Drone  
  17  1:13  Extractor  
  17  1:14  Drone  
  17  1:26  Overlord  
  17  1:42  Zergling x2  
  18  1:49  Zergling x2  
  19  1:56  Queen, Spine Crawler  
  20  2:07  Drone  
  20  2:08  Drone  
  22  2:26  Roach Warren  
  21  2:37  Hatchery  
  21  2:42  Drone x3  
  23  2:52  Queen  
  25  3:05  Drone x2  
  25  3:09  Drone x2  
  29  3:25  Overlord x2  
  29  3:36  Overlord  
  29  3:48  Lair  
  29  3:59  Drone  
  29  4:00  Spore Crawler  
  29  4:08  Drone  
  30  4:17  Drone  
  30  4:18  Drone x5  
  36  4:32  Drone x5  
  41  4:43  Evolution Chamber  
  40  4:46  Evolution Chamber  
  40  4:50  Drone x2  
  41  4:58  Roach x3  
  47  5:02  Extractor  
  47  5:05  Drone  
  47  5:07  Drone x2  
  49  5:15  Zerg Missile Weapons Level 1  
  49  5:16  Zerg Ground Armor Level 1  
  49  5:25  Roach  
  51  5:45  Overlord  
  51  5:46  Overlord x4  
  51  5:55  Roach x3  
  49  6:08  Queen  
  49  6:09  Roach x3  
  49  6:10  Roach x3  
  63  6:22  Roach x2  
  63  6:23  Roach  
  69  6:35  Extractor  
  68  6:46  Roach x2  
  72  6:53  Roach  
  72  6:54  Roach x2  
  78  6:57  Glial Reconstitution  
  78  7:04  Drone x3  
  81  7:19  Hydralisk Den  
  80  7:26  Infestation Pit  
  79  7:30  Zerg Missile Weapons Level 2  
  79  7:31  Zerg Ground Armor Level 2  
  79  7:34  Roach x2  
  79  7:35  Roach x3  
  89  7:39  Roach  
  89  7:40  Overlord x4  
  91  7:54  Drone  
  92  8:01  Hydralisk x2  
  92  8:05  Grooved Spines  
  96  8:13  Roach x2  
  100  8:37  Hydralisk x3  
  100  8:38  Hydralisk  
  108  8:44  Roach x5  
  108  8:45  Roach  
  120  8:56  Hydralisk x2  
  120  8:58  Overlord x2  
  120  8:59  Overlord  
  120  9:01  Spine Crawler  
  123  9:13  Overlord  
  123  9:16  Muscular Augments  
  123  9:39  Hydralisk x2  
  115  10:20  Hydralisk x4  
  119  10:26  Hydralisk x4  
  119  10:27  Hydralisk x2  
  95  11:00  Hydralisk x6  
  81  12:15  Drone x6  
  86  12:22  Spawning Pool  
  86  12:33  Drone  
  87  12:43  Hatchery  
  33  14:30  Overlord x3  
  33  14:39  Spawning Pool  
  30  15:10  Drone x3  
  33  16:00  Drone x2  
  33  16:01  Drone  
  36  16:17  Spore Crawler  
  35  16:32  Drone x2  
Show
View Real Time Build Order
Export as new Build Order

DRAGO Protoss 

Build Orders:  

Get SALT Encoding   

  12  0:01  Probe (Chrono Boost)  
  13  0:11  Probe (Chrono Boost)  
  14  0:16  Probe (Chrono Boost)  
  15  0:23  Pylon  
  15  0:29  Assimilator  
  15  0:37  Assimilator  
  15  0:41  Probe  
  16  0:53  Probe  
  17  0:57  Gateway  
  17  1:07  Probe (Chrono Boost)  
  18  1:15  Probe (Chrono Boost)  
  19  1:20  Pylon  
  19  1:21  Probe  
  20  1:46  Cybernetics Core  
  20  1:58  Zealot  
  22  2:03  Probe  
  23  2:08  Pylon  
  23  2:27  Stargate  
  23  2:30  Stargate  
  23  2:50  Pylon  
  23  3:10  Void Ray (Chrono Boost)  
  31  3:24  Void Ray (Chrono Boost)  
  31  3:38  Forge  
  31  3:39  Void Ray (Chrono Boost)  
  35  3:57  Void Ray (Chrono Boost)  
  43  4:25  Void Ray (Chrono Boost)  
  43  4:33  Void Ray (Chrono Boost)  
  47  5:05  Void Ray  
  47  5:20  Void Ray  
  47  5:56  Void Ray  
  39  6:08  Void Ray (Chrono Boost)  
  43  6:33  Photon Cannon  
  43  6:35  Photon Cannon  
  43  6:37  Void Ray (Chrono Boost)  
  47  6:55  Pylon  
  47  6:58  Pylon  
  47  7:02  Pylon  
  47  7:17  Void Ray  
  51  7:24  Nexus  
  43  8:16  Void Ray (Chrono Boost)  
  43  8:17  Void Ray (Chrono Boost)  
  47  8:50  Assimilator  
  47  8:52  Probe (Chrono Boost)  
  53  9:02  Probe (Chrono Boost)  
  53  9:04  Assimilator  
  53  9:07  Probe (Chrono Boost)  
  58  9:18  Probe  
  59  9:30  Probe  
  22  9:57  Probe  
  19  10:09  Probe  
  20  10:21  Probe  
  20  10:26  Pylon  
  21  10:30  Pylon  
  21  10:33  Probe (Chrono Boost)  
  23  10:43  Probe (Chrono Boost)  
  23  10:48  Probe (Chrono Boost)  
  23  10:52  Forge  
  24  11:00  Probe (Chrono Boost)  
  26  11:12  Probe (Chrono Boost)  
  26  11:17  Probe (Chrono Boost)  
  27  11:20  Forge  
  27  11:26  Probe  
  27  11:28  Gateway  
  28  11:38  Probe  
  29  11:44  Photon Cannon  
  29  11:47  Photon Cannon  
  29  11:52  Photon Cannon  
  29  11:58  Probe (Chrono Boost)  
  30  12:08  Probe (Chrono Boost)  
  27  12:19  Probe  
  24  12:28  Cybernetics Core  
  24  12:31  Probe  
  25  12:43  Probe  
  26  12:53  Pylon  
  26  12:57  Pylon  
  26  13:12  Photon Cannon  
  26  13:17  Stargate  
  26  13:20  Stargate  
  26  13:28  Stargate  
  26  13:44  Shield Battery  
  26  14:01  Photon Cannon  
  26  14:03  Phoenix x2 (Chrono Boost)  
  32  14:17  Phoenix (Chrono Boost)  
  32  14:20  Phoenix (Chrono Boost)  
  32  14:21  Phoenix (Chrono Boost)  
  36  14:43  Phoenix x2  
  36  14:55  Phoenix  
  40  15:21  Phoenix (Chrono Boost)  
  40  15:25  Phoenix (Chrono Boost)  
  40  15:26  Phoenix (Chrono Boost)  
  44  15:43  Phoenix (Chrono Boost)  
  46  16:26  Pylon  
  46  16:29  Pylon  
  46  16:31  Pylon  
Show
View Real Time Build Order
Export as new Build Order

MrFercho Zerg 

Build Orders: Pool First 

Get SALT Encoding   

  12  0:23  Drone  
  12  0:24  Spawning Pool  
  12  0:27  Drone  
  13  0:32  Drone  
  14  0:41  Overlord  
  14  0:54  Overlord  
  14  1:02  Drone  
  15  1:06  Drone  
  15  1:11  Queen  
  18  1:23  Zergling x2  
  19  1:31  Zergling x2  
  20  1:38  Drone  
  21  1:54  Extractor  
  20  2:14  Drone x2  
  20  2:15  Drone  
  23  2:35  Drone  
  23  2:36  Drone x2  
  26  2:37  Hatchery  
  25  2:45  Zergling x2  
  26  2:58  Zergling x2  
  27  3:09  Lair  
  27  3:14  Zergling x6  
  27  3:18  Overlord  
  30  3:49  Overlord x2  
  30  3:56  Zergling x4  
  30  3:57  Zergling x4  
  30  4:02  Drone  
  35  4:03  Drone  
  36  4:14  Drone  
  36  4:15  Nydus Network  
  36  4:22  Queen x2  
  40  4:28  Zergling x10  
  45  4:43  Hydralisk Den, Drone  
  45  4:50  Drone x4  
  49  4:58  Queen  
  51  5:11  Nydus Canal  
  50  5:55  Hydralisk x2  
  50  5:57  Overlord x2  
  45  5:59  Zergling x14  
  46  6:22  Metabolic Boost  
  46  6:25  Drone  
  46  6:26  Drone x5  
  46  6:29  Extractor  
  46  6:31  Extractor  
  50  6:51  Drone x3  
  50  6:52  Drone x3  
  50  6:53  Drone x2  
  58  6:55  Queen  
  60  7:11  Hatchery  
  60  7:15  Extractor  
  58  7:42  Grooved Spines  
  58  7:44  Zergling x18  
  58  7:45  Zergling x2  
  58  7:49  Overlord x3  
  68  8:10  Hydralisk x3  
  68  8:11  Hydralisk x5  
  84  8:19  Hydralisk  
  86  8:39  Baneling Nest  
  85  8:46  Hydralisk x4  
  93  8:48  Overlord x2  
  93  8:49  Overlord x2  
  93  8:50  Zergling x6  
  93  8:53  Muscular Augments  
  96  8:57  Queen  
  98  9:12  Zergling x2  
  98  9:13  Zergling x8  
  103  9:25  Centrifical Hooks  
  103  9:29  Baneling  
  103  9:30  Baneling x12  
  103  9:31  Zergling x2  
  103  9:32  Zergling x12  
  110  9:46  Nydus Canal  
  63  11:24  Hydralisk x3  
  63  11:25  Hydralisk x10  
  42  11:56  Hydralisk x4  
  50  12:08  Zergling x2  
  50  12:09  Zergling x4  
  53  12:19  Zergling x12  
  53  12:20  Zergling x26  
  72  12:43  Nydus Canal  
  66  13:45  Hatchery  
  47  14:18  Zergling x10  
  47  14:19  Zergling x16  
  48  14:51  Hydralisk x2  
  32  15:01  Hydralisk  
  21  15:25  Drone x4  
  25  16:10  Zergling x6  
  25  16:11  Zergling x2  
Show
View Real Time Build Order
Export as new Build Order

TATORREA Protoss 

Build Orders:  

Get SALT Encoding   

  12  0:03  Probe  
  13  0:15  Probe  
  14  0:27  Probe  
  15  0:29  Pylon  
  15  0:47  Probe  
  16  0:54  Gateway  
  16  0:59  Probe  
  18  1:11  Probe  
  18  1:13  Gateway  
  18  1:24  Probe (Chrono Boost)  
  19  1:30  Assimilator  
  19  1:32  Pylon  
  19  1:36  Pylon  
  19  1:37  Probe (Chrono Boost)  
  20  1:41  Assimilator  
  20  1:47  Probe (Chrono Boost)  
  21  1:59  Cybernetics Core  
  21  2:01  Probe (Chrono Boost)  
  22  2:13  Probe (Chrono Boost)  
  23  2:33  Probe  
  24  2:45  Nexus  
  24  2:47  Pylon  
  24  2:49  Pylon  
  24  3:06  Probe (Chrono Boost), Stargate  
  24  3:08  Stargate  
  24  3:12  Warp Gate  
  25  3:16  Probe (Chrono Boost)  
  26  3:21  Probe (Chrono Boost)  
  27  3:32  Probe (Chrono Boost)  
  28  3:44  Probe (Chrono Boost)  
  29  3:51  Probe (Chrono Boost)  
  29  3:53  Void Ray (Chrono Boost)  
  30  3:58  Assimilator, Probe  
  35  4:03  Assimilator  
  39  4:11  Probe x2  
  39  4:14  Void Ray (Chrono Boost)  
  41  4:23  Probe (Chrono Boost)  
  43  4:26  Probe (Chrono Boost)  
  43  4:35  Probe (Chrono Boost)  
  45  4:38  Probe (Chrono Boost)  
  45  4:40  Probe (Chrono Boost)  
  45  4:44  Void Ray  
  50  4:47  Probe  
  50  4:49  Probe  
  52  4:59  Probe  
  53  5:01  Void Ray (Chrono Boost)  
  53  5:02  Probe  
  53  5:07  Protoss Air Weapons Level 1  
  58  5:11  Probe  
  58  5:14  Probe  
  56  5:23  Void Ray (Chrono Boost)  
  56  5:35  Stalker x2  
  60  5:38  Void Ray (Chrono Boost)  
  62  6:02  Stalker x2  
  64  6:06  Probe x2  
  66  6:21  Void Ray  
  70  6:27  Fleet Beacon  
  70  6:52  Nexus  
  70  6:53  Pylon  
  70  6:55  Pylon  
  70  6:57  Pylon  
  70  6:59  Pylon  
  70  7:10  Pylon  
  70  7:11  Void Ray, Pylon  
  70  7:14  Pylon  
  75  7:15  Probe  
  75  7:16  Probe  
  75  7:21  Void Ray  
  80  7:23  Forge  
  80  7:26  Forge  
  80  7:27  Forge, Probe  
  80  7:28  Probe  
  82  7:30  Twilight Council  
  82  7:34  Unknown  
  82  7:39  Probe  
  82  7:40  Probe  
  84  7:47  Protoss Air Weapons Level 2 (Chrono Boost)  
  84  7:52  Probe x2  
  84  7:53  Void Ray  
  90  8:04  Probe x2  
  92  8:18  Probe x3  
  95  8:22  Carrier  
  101  8:30  Probe  
  102  8:37  Carrier  
  108  9:09  Assimilator  
  108  9:10  Assimilator  
  108  9:17  Pylon  
  108  9:19  Nexus  
  108  9:22  Pylon  
  108  9:24  Pylon x2  
  108  9:40  Stalker  
  108  9:41  Stalker  
  106  9:55  Carrier (Chrono Boost)  
  106  9:56  Carrier (Chrono Boost)  
  91  10:30  Protoss Ground Weapons Level 1  
  91  10:35  Charge  
  78  10:42  Tempest x2 (Chrono Boost)  
  52  11:15  Void Ray (Chrono Boost), Carrier (Chrono Boost)  
  58  11:22  Probe x2  
  60  11:31  Gateway  
  60  11:33  Gateway  
  60  11:34  Probe x2  
  60  11:36  Gateway  
  60  11:38  Gateway  
  62  11:40  Gateway  
  62  11:44  Gateway  
  62  11:46  Gateway, Probe x2  
  57  11:49  Gateway  
  57  11:51  Gateway  
  57  11:53  Gateway  
  48  11:55  Assimilator  
  48  11:58  Probe  
  48  12:00  Assimilator  
  49  12:10  Probe  
  45  12:22  Probe  
  29  14:57  Void Ray x2  
  26  15:20  Pylon  
  26  15:22  Pylon x2  
  26  15:25  Pylon  
  26  15:30  Pylon  
  26  15:33  Pylon  
  26  15:37  Pylon  
  26  15:40  Void Ray x2  
Show
View Real Time Build Order
Export as new Build Order

tigro Terran 

Build Orders:  

Get SALT Encoding   

  12  0:14  SCV  
  13  0:23  Supply Depot  
  13  0:26  SCV  
  14  0:38  SCV  
  15  0:46  Supply Depot  
  15  0:55  SCV  
  15  0:56  Barracks  
  16  1:07  Refinery, SCV  
  17  1:19  SCV  
  18  1:30  Refinery  
  18  1:31  SCV  
  19  1:43  SCV  
  20  1:47  Marine  
  21  1:55  SCV  
  22  2:05  Marine  
  22  2:07  SCV  
  24  2:13  Engineering Bay  
  24  2:23  Marine, Factory  
  25  2:38  SCV  
  25  2:40  Marine  
  27  2:56  Missile Turret  
  27  2:58  Marine  
  28  3:08  Factory Tech Lab  
  28  3:17  Orbital Command  
  28  3:26  Missile Turret  
  28  3:28  Siege Tank  
  28  3:31  Barracks Tech Lab  
  31  3:37  Terran Infantry Weapons Level 1  
  31  3:46  Missile Turret  
  31  3:52  Marine  
  32  4:09  Missile Turret  
  32  4:10  Marine  
  32  4:12  Combat Shield  
  33  4:28  Marine  
  34  4:38  Missile Turret  
  34  4:46  Marine  
  35  4:53  Command Center  
  33  5:00  Missile Turret  
  33  5:04  Marine  
  28  5:21  Marine, Missile Turret  
  26  5:31  Stimpack  
  26  5:32  Terran Infantry Armor Level 1  
  20  5:37  Cyclone  
  20  5:39  Marine  
  22  5:57  Marine  
  23  6:09  Cyclone, Refinery  
  26  6:15  Marine  
  27  6:25  Refinery  
  27  6:33  Marine  
  27  6:38  Missile Turret  
  28  6:41  Cyclone  
  31  6:51  Marine  
  32  6:57  Missile Turret  
  32  6:58  Refinery  
  32  7:01  SCV  
  33  7:13  SCV, Cyclone  
  37  7:16  Missile Turret  
  37  7:25  SCV  
  38  7:37  SCV  
  38  7:40  Missile Turret  
  38  7:42  Command Center  
  39  7:50  SCV  
  40  8:02  SCV  
  37  8:12  Marine  
  24  8:29  Marine  
  25  8:42  Missile Turret  
  25  8:47  Marine  
  26  9:01  Missile Turret  
  26  9:05  Marine  
  27  9:14  Starport  
  27  9:20  Missile Turret  
  27  9:23  Marine  
  28  9:36  Refinery  
  28  9:40  Missile Turret  
  28  9:45  Neosteel Armor  
  25  10:01  Missile Turret  
  25  10:09  Medivac  
  25  10:11  Marine  
  25  10:14  Cyclone  
  20  10:37  Supply Depot  
  20  10:59  Marine  
  20  11:00  Supply Depot  
  20  11:03  Cyclone  
  19  11:17  Marine  
  20  11:24  Starport Tech Lab  
  20  11:25  Hi-Sec Auto Tracking  
  20  11:34  Marine  
  20  11:35  Cyclone  
  24  11:49  Mag-Field Accelerator  
  24  11:52  Marine  
  25  12:10  Marine  
  25  12:12  Command Center  
  26  12:28  Marine  
  27  12:38  Refinery  
  27  12:52  SCV  
  28  13:01  Barracks  
  28  13:04  SCV  
  23  13:27  Refinery  
  23  13:33  Marine  
  16  13:49  Viking  
  16  13:51  Marine  
  16  13:55  SCV  
  20  14:05  Barracks Reactor  
  20  14:08  Marine  
  21  14:15  SCV  
  22  14:19  Viking  
  24  14:26  Marine  
  24  14:27  SCV  
  26  14:39  SCV  
  26  14:44  Marine  
  28  14:49  Viking  
  28  14:52  SCV  
  31  14:56  Marine  
  31  14:57  Marine  
  33  15:02  Marine  
  33  15:04  SCV  
  35  15:14  Marine x2  
  35  15:16  SCV  
  35  15:19  Medivac  
  35  15:20  Marine  
  37  15:28  SCV  
  35  15:37  Marine  
  35  15:41  SCV  
  35  15:47  Siege Tank  
  36  15:55  Marine  
  29  16:12  Marine  
  29  16:13  Marine  
  31  16:19  Siege Tank  
  34  16:30  Marine  
  34  16:31  Marine  
  36  16:34  SCV  
Tags
 
Add a new tag
Caveats
  • Supply blocks, unpowered buildings, or Contaminate may cause inaccurate times.
  • Supply counts are checked every 10 seconds.